 Dungeon Crawl Stone Soup version 0.23-a0-539-g3f6f39f (webtiles) character file.

669332 GroovyGamera the Hoplite (level 27, -8/191 HPs)
             Began as a Gargoyle Fighter on Dec 5, 2018.
             Was the Champion of Makhleb.
             Mangled by a shard shrike (11 damage)
             ... on level 4 of Cocytus on Dec 7, 2018.
             The game lasted 06:08:55 (75871 turns).

GroovyGamera the Hoplite (Gargoyle Fighter)        Turns: 75871, Time: 06:08:55

Health: -8/191     AC: 54    Str: 36    XL:     27
Magic:  40/40      EV: 14    Int: 26    God:    Makhleb [******]
Gold:   1929       SH:  4    Dex:  9    Spells: 15/52 levels left

rFire    + + +     SeeInvis .   M - +9 executioner's axe of Dur Ric {pain, *Rage rF++ rC+++ MR-}
rCold    + + +     Gourm    .   (shield currently unavailable)
rNeg     + + .     Faith    .   t - +7 chain mail "Saucutus" {*Drain rCorr Int+4}
rPois    ∞         Spirit   .   O - +2 hat {MR+}
rElec    +         Reflect  +   e - scarf {cloud immunity}
rCorr    +         Harm     .   T - +3 pair of gloves "Leoryifu" {rN+ Str+6 Int+2}
MR       +++++     Rnd*Rage +   w - +2 pair of boots {run}
Stlth    ..........             c - +4 amulet of reflection
HPRegen  0.41/turn              j - ring "Yhier" {rCorr *Contam rElec rF+ MR++}
MPRegen  0.27/turn              Z - ring of Hixzes {+Inv rF+ rC+ Str+8}

@: flying, very slightly contaminated, studying Earth Magic, quick
A: big wings, thin metallic scales 1, magic resistance 1, negative energy
resistance 1, electricity resistance, unbreathing, petrification resistance, no
potion heal 1, rot immunity, sturdy frame 1, AC +20
}: 3/15 runes: serpentine, barnacled, silver
a: Stop Flying, Minor Destruction, Lesser Servant of Makhleb, Major Destruction,
Greater Servant of Makhleb, Renounce Religion, Evoke Invisibility


You were on level 4 of Cocytus.
You worshipped Makhleb.
Makhleb was exalted by your worship.
You were very hungry.

You visited 13 branches of the dungeon, and saw 56 of its levels.
You also visited: Ossuary and Ice Cave.

You collected 8394 gold pieces.
You spent 6465 gold pieces at shops.

Inventory:

Hand Weapons
 l - a +6 antimagic war axe
 K - a +1 hand crossbow of flaming
 M - the +9 executioner's axe of Dur Ric (weapon) {pain, *Rage rF++ rC+++ MR-}
   (You acquired it on level 3 of the Shoals)

   In the hands of one skilled in necromantic magic, it inflicts extra damage on
   living creatures.
   It greatly protects you from fire.
   It renders you almost immune to cold.
   It affects your resistance to hostile enchantments.
   It may make you go berserk in combat.
 R - the +11 shortbow "Yteaps" {velocity, rElec rPois rF- MP+9}
   (You found it on level 3 of the Snake Pit)

   Any arrow fired from it inflicts extra damage.
   It makes you vulnerable to fire.
   It insulates you from electricity.
   It protects you from poison.
   It affects your magic capacity (+9).
 S - a +3 broad axe of flaming
Missiles
 r - 2622 bolts
 C - 2417 arrows (quivered)
Armour
 e - a scarf of cloud immunity (worn)
 t - the +7 chain mail "Saucutus" (worn) {*Drain rCorr Int+4}
   (You found it on level 3 of the Shoals)

   It affects your intelligence (+4).
   It provides partial protection from all sources of acid and corrosion.
   It causes draining when unequipped.
 w - a +2 pair of boots of running (worn)
 B - a +8 large shield
 O - a +2 hat of magic resistance (worn)
 T - the +3 pair of gloves "Leoryifu" (worn) {rN+ Str+6 Int+2}
   (You found it on level 3 of the Snake Pit)

   It affects your strength (+6).
   It affects your intelligence (+2).
   It protects you from negative energy.
Jewellery
 c - a +4 amulet of reflection (around neck)
 j - the ring "Yhier" (left hand) {rCorr *Contam rElec rF+ MR++}
   (You took it off Harold on level 1 of the Lair of Beasts)

   [ring of resist corrosion]

   It protects you from fire.
   It insulates you from electricity.
   It affects your resistance to hostile enchantments.
   It causes magical contamination when unequipped.
 P - the ring of Xom's Absentmindedness {+Inv rElec rF++ Int-3 Dex+5}
   (You took it off a deep elf demonologist on level 3 of the Elven Halls)

   [ring of dexterity]

   It affects your intelligence (-3).
   It affects your dexterity (+5).
   It greatly protects you from fire.
   It insulates you from electricity.
   It lets you turn invisible.
 Z - the ring of Hixzes (right hand) {+Inv rF+ rC+ Str+8}
   (You bought it in a shop on level 4 of the Depths)

   [ring of protection from fire]

   It affects your strength (+8).
   It protects you from fire.
   It protects you from cold.
   It lets you turn invisible.
Wands
 h - a wand of flame (31)
 u - a wand of digging (29)
 H - a wand of polymorph (9)
Scrolls
 a - 4 scrolls of enchant armour
 b - 5 scrolls of summoning
 g - 3 scrolls of holy word
 i - 7 scrolls of immolation
 k - 13 scrolls of teleportation
 n - 27 scrolls of remove curse
 s - 5 scrolls of fog
 v - 7 scrolls of amnesia
 x - a scroll of silence
 y - 17 scrolls of fear
 J - 9 scrolls of blinking
 L - a scroll of enchant weapon
 N - 5 scrolls of magic mapping
 V - 9 scrolls of identify
Potions
 d - 4 potions of mutation
 m - 29 potions of curing
 o - 16 potions of lignification
 p - 3 potions of haste
 q - 5 potions of berserk rage
 A - 3 potions of invisibility
 D - 9 potions of brilliance
 E - 6 potions of might
 F - 4 potions of resistance
 G - 7 potions of agility
 I - 8 potions of heal wounds
 Y - 2 potions of magic
Books
 W - a manual of Earth Magic
Miscellaneous
 z - a phantom mirror
 Q - the horn of Geryon
Comestibles
 f - 75 rations
 U - a chunk of flesh


   Skills:
 - Level 24.3 Fighting
 * Level 20.5 Axes
 + Level 16.0 Armour
 - Level 8.4 Dodging
 - Level 25.0 Shields
 * Level 13.0 Spellcasting
 - Level 13.0 Hexes
 - Level 5.1 Charms
 - Level 5.6 Summonings
 - Level 5.6 Translocations
 - Level 10.0 Air Magic
 - Level 13.2 Invocations
 - Level 10.0 Evocations


You had 15 spell levels left.
You knew the following spells:

 Your Spells              Type           Power        Failure   Level  Hunger
a - Deflect Missiles      Chrm/Air       ######....   43%         6    #####..
b - Silence               Hex/Air        ######....   1%          5    ##.....
c - Summon Butterflies    Summ           #####...     1%          1    None
d - Regeneration          Chrm/Necr      ####......   8%          3    None
e - Cause Fear            Hex            ######....   1%          4    None
f - Blink                 Tloc           N/A          1%          2    None
g - Swiftness             Chrm/Air       ######..     1%          2    None
h - Spectral Weapon       Hex/Chrm       ######..     1%          3    None
i - Summon Mana Viper     Hex/Summ       ######..     4%          5    ##.....
j - Invisibility          Hex            ######..     4%          6    #####..

Your spell library contained the following spells:

 Spells                   Type           Power        Failure   Level  Hunger
 Apportation              Tloc           #####.       1%          1    None
 Confusing Touch          Hex            ######       1%          1    None
 Corona                   Hex            ######.      1%          1    None
 Summon Small Mammal      Summ           ####         1%          1    None
 Call Imp                 Summ           #####...     1%          2    None
 Poisonous Vapours        Pois/Air       #####.       1%          2    None
 Slow                     Hex            ######..     1%          2    None
 Call Canine Familiar     Summ           #####...     1%          3    None
 Inner Flame              Hex/Fire       ######..     1%          3    None
 Lesser Beckoning         Tloc           #####.....   1%          3    None
 Portal Projectile        Hex/Tloc       ######       1%          3    None
 Recall                   Summ/Tloc      N/A          1%          3    None
 Summon Guardian Golem    Hex/Summ       ######..     1%          3    None
 Tukima's Dance           Hex            ######..     1%          3    None
 Static Discharge         Conj/Air       #####...     2%          3    None
 Summon Lightning Spire   Summ/Air       ######..     2%          4    None
 Leda's Liquefaction      Hex/Erth       ######....   4%          4    None
 Darkness                 Hex            ######....   4%          6    #####..
 Mephitic Cloud           Conj/Pois/Air  ####....     5%          3    None
 Animate Skeleton         Necr           N/A          7%          1    None
 Beastly Appendage        Tmut           ###...       7%          1    None
 Flame Tongue             Conj/Fire      ###..        7%          1    None
 Freeze                   Ice            ###.         7%          1    None
 Magic Dart               Conj           ###.         7%          1    None
 Pain                     Necr           ###.         7%          1    None
 Sting                    Conj/Pois      ###.         7%          1    None
 Passage of Golubria      Tloc           N/A          7%          4    None
 Ozocubu's Armour         Chrm/Ice       ####....     8%          3    None
 Corpse Rot               Necr           N/A          11%         2    None
 Passwall                 Tmut/Erth      ###.....     11%         2    None
 Sticks to Snakes         Tmut           ###.....     11%         2    None
 Throw Flame              Conj/Fire      ###...       11%         2    None
 Throw Frost              Conj/Ice       ###...       11%         2    None
 Metabolic Englaciation   Hex/Ice        ######....   13%         5    ##.....
 Yara's Violent Unravell  Hex/Tmut       ######....   13%         5    ##.....
 Aura of Abjuration       Summ           #####.....   19%         5    ##.....
 Summon Demon             Summ           #####.....   19%         5    ##.....
 Summon Forest            Summ/Tloc      #####.....   19%         5    ##.....
 Conjure Flame            Conj/Fire      ###.....     21%         3    None
 Ignite Poison            Fire/Tmut/Pois ###.....     21%         3    None
 Spider Form              Tmut/Pois      ###.......   21%         3    None
 Stone Arrow              Conj/Erth      ###...       21%         3    None
 Vampiric Draining        Necr           ###.......   21%         3    None
 Summon Ice Beast         Ice/Summ       ####....     22%         4    None
 Lightning Bolt           Conj/Air       #####.....   24%         5    ##.....
 Animate Dead             Necr           N/A          56%         4    None
 Ice Form                 Ice/Tmut       ###.....     56%         4    None
 Olgreb's Toxic Radiance  Pois           ###.....     56%         4    None
 Petrify                  Tmut/Erth      ###.....     56%         4    None
 Sticky Flame             Conj/Fire      ###.....     56%         4    None
 Throw Icicle             Conj/Ice       ###.....     56%         4    None
 Excruciating Wounds      Chrm/Necr      ####......   56%         5    ##.....
 Dispersal                Tloc           #####.....   71%         6    #####..
 Shadow Creatures         Summ           N/A          71%         6    #####..
 Conjure Ball Lightning   Conj/Air       #####.....   80%         6    #####..
 Agony                    Necr           ###.....     88%         5    ##.....
 Alistair's Intoxication  Tmut/Pois      ###.....     88%         5    ##.....
 Blade Hands              Tmut           ###.......   88%         5    ##.....
 Bolt of Draining         Conj/Necr      ###.......   88%         5    ##.....
 Bolt of Magma            Conj/Fire/Erth ###.......   88%         5    ##.....
 Borgnjor's Vile Clutch   Necr/Erth      ###.......   88%         5    ##.....
 Dispel Undead            Necr           ###.....     88%         5    ##.....
 Fireball                 Conj/Fire      ###.......   88%         5    ##.....
 Irradiate                Conj/Tmut      ###.......   88%         5    ##.....
 Lee's Rapid Deconstruct  Erth           ###.......   88%         5    ##.....
 Discord                  Hex            ######....   91%         8    #######
 Freezing Cloud           Conj/Ice/Air   ####......   95%         6    #####..
 Summon Hydra             Summ           #####.....   99%         7    ######.
 Bolt of Cold             Conj/Ice       ###.......   100%        6    #####..
 Bolt of Fire             Conj/Fire      ###.......   100%        6    #####..
 Hydra Form               Tmut           ###.......   100%        6    #####..
 Iron Shot                Conj/Erth      ###.......   100%        6    #####..
 Ozocubu's Refrigeration  Ice            ###.......   100%        6    #####..
 Simulacrum               Ice/Necr       ###.......   100%        6    #####..
 Dragon Form              Tmut           ###.......   100%        7    ######.
 Ring of Flames           Chrm/Fire      ####......   100%        7    ######.
 Disjunction              Tloc           #####.....   100%        8    #######
 Ignition                 Fire           ###.......   100%        8    #######
 Dragon's Call            Summ           #####.....   100%        9    #######
 Shatter                  Erth           ###.......   100%        9    #######
 Tornado                  Air            ######....   100%        9    #######
 Sublimation of Blood     Necr           Unusable     N/A         2    N/A
 Statue Form              Tmut/Erth      Unusable     N/A         6    N/A

Dungeon Overview and Level Annotations

Branches:
Dungeon (15/15)            Temple (1/1) D:7            Lair (6/6) D:11
 Shoals (4/4) Lair:4        Snake (4/4) Lair:4        Slime (0/5) Lair:5
    Orc (2/2) D:11            Elf (3/3) Orc:2        Vaults (5/5) D:13
  Crypt (3/3) Vaults:3       Tomb (0/3) Crypt:3      Depths (5/5) D:15
   Hell (1/1)                 Dis (0/7) Hell            Geh (0/7) Hell
    Coc (4/7) Hell            Tar (0/7) Hell            Zot (3/5) Depths:5

Altars:
Ashenzari
Cheibriados
Dithmenos
Elyvilon
Hepliaklqana
Kikubaaqudgha
Makhleb
Nemelex Xobeh
Qazlal
Sif Muna
Trog
Vehumet
Wu Jian
Zin
The Shining One
Beogh
Jiyva

Shops:
D:5 :   D:8 [   Orc:2 [!([   Elf:2 *:%   Shoals:2 (}::[   Snake:4 }==
Vaults:1 (   Vaults:3 [   Vaults:5 :   Depths:4 *

Portals:
Hell: Depths:1 Depths:2 Depths:3 Depths:4 Depths:5
Abyss: Depths:3 Depths:4
Pandemonium: Depths:2 Depths:3
Ziggurat: Depths:1
Trove: D:15 (give +2 gold dragon scales)


Innate Abilities, Weirdness & Mutations

You are resistant to torment.
Your stone body is resilient. (AC +20)
You are immune to poison.
Your large and strong wings let you fly indefinitely.
You resist negative energy. (rN+)
You are resistant to electric shocks. (rElec)
You can survive without breathing.
You are immune to petrification.
You are immune to rotting.
You are partially covered in thin metallic scales. (AC +2)
You are resistant to hostile enchantments. (MR+)
Potions are less effective at restoring your health.
Your movements are slightly less encumbered by armour. (ER -2)


Message History

Your Executioner hits the shard shrike.
Your Executioner hits the shard shrike but does no damage.
The shard shrike claws your Executioner!
The shard shrike freezes your Executioner!!
Your Executioner resists.
You barely miss the shard shrike.
The shard shrike is moderately wounded.
You slice the shard shrike!!
The shard shrike spits a shard of ice at you.
The shard of ice hits you! You partially resist.
* * * LOW HITPOINT WARNING * * *
The shard shrike claws you but does no damage.
Your Executioner hits the shard shrike!
Your Executioner closely misses the shard shrike.
Your Executioner barely misses the shard shrike.
The shard shrike claws you but does no damage. x3
The shard shrike claws you.
* * * LOW HITPOINT WARNING * * *
The shard shrike freezes you! You resist.
You die...

..........≈≈≈≈≈≈)≈≈≈≈≈≈≈≈
......≈≈≈≈≈≈≈≈≈≈≈..≈≈≈≈≈..
..≈≈≈...≈≈≈≈≈≈≈≈≈≈≈)≈≈.....
.≈≈≈≈...≈≈≈≈≈≈≈≈≈≈≈.)......
^≈≈≈≈≈≈...≈≈≈≈≈≈≈≈≈≈.∩......
≈≈≈≈≈≈≈≈...≈≈≈≈≈≈≈≈≈≈.)).>..≈
≈≈≈≈≈≈≈≈≈≈...≈≈≈≈≈≈..^.....≈≈≈
..≈≈≈≈≈≈≈≈≈..1b............≈≈≈≈
≈..≈≈≈≈≈≈≈≈≈≈.b@.........≈∩≈≈≈≈≈
≈≈≈.≈≈≈≈≈≈≈≈≈.÷≈b≈≈≈≈≈≈≈≈≈≈..≈≈≈≈
≈≈≈..≈≈≈≈≈≈≈..≈≈≈≈≈≈≈≈≈≈≈≈...≈≈≈≈
≈≈≈..≈≈≈≈≈≈..≈≈≈###≈≈≈≈≈≈.....≈≈≈
≈≈≈≈..≈≈≈...≈≈≈###≈≈≈≈≈≈.......≈≈
≈≈≈≈..≈≈...≈≈≈####≈≈≈≈≈.......≈..
≈≈D≈.b≈...≈≈≈####≈≈≈≈≈.....≈≈≈≈≈.
≈≈≈≈≈....≈≈≈####≈≈≈≈≈....≈≈≈≈≈≈≈.
≈≈≈≈.....≈≈≈≈≈≈≈≈≈≈....≈≈≈≈≈≈≈≈≈.


You could see 3 shard shrikes and a friendly Executioner.

Vanquished Creatures
  2 ancient liches
  Khufu (Crypt:3)
  A juggernaut (Depths:2)
  A greater mummy (Crypt:3)
  Boris (Vaults:3)
  Frederick (Crypt:3)
  Margery (Vaults:3)
  9 shard shrikes
  Geryon (Hell)
  3 caustic shrikes (Depths:5)
  3 golden dragons
  2 bone dragons
  Jory (Crypt:2)
  A pearl dragon (Depths:5)
  4 electric golems
  4 liches
  9 tentacled monstrosities
  4 Ice Fiends
  2 titans
  3 deep elf blademasters
  4 quicksilver dragons
  A kraken (Shoals:1)
  Polyphemus (Shoals:3)
  2 deep elf master archers (Elf:3)
  7 death cobs
  An eldritch tentacle (Coc:1)
  5 ancient champions
  An Executioner (Coc:2)
  Agnes (Elf:1)
  The ghost of Uczi Nai the Severer, an adept DDFi of Makhleb (Shoals:2)
  8 shadow dragons
  8 tengu reavers
  Roxanne (Shoals:1)
  5 storm dragons
  A revenant (Hell)
  7 draconian monks
  Ilsuiw (Shoals:3)
  The ghost of Saaqexih the Fighter, a journeyman CeHu of Okawaru (Snake:2)
  9 frost giants
  12 nagarajas
  8 fire giants
  8 deep elf sorcerers
  3 draconian knights (Zot:1)
  17 vault wardens
  5 draconian shifters
  A ghost moth (Zot:1)
  5 draconian scorchers
  3 curse skulls
  3 draconian stormcallers
  6 ghouls
  3 draconian annihilators
  9 war gargoyles
  9 reapers
  A spriggan defender (Depths:3)
  An elemental wellspring (Coc:3)
  5 deep elf elementalists
  9 ironheart preservers
  3 entropy weavers
  28 very ugly things
  16 stone giants
  9 green draconians
  9 deep elf demonologists
  6 red draconians
  8 black draconians
  7 vampire knights
  An ophan (Depths:5)
  11 deep elf annihilators
  A lorocyproca (Hell)
  12 yellow draconians
  2 slime creatures (Vaults:1)
  Azrael (D:14)
  4 spark wasps
  6 white draconians
  An apis (Depths:5)
  10 purple draconians
  11 ettins
  2 eidola
  6 large abominations (Vaults:5)
  3 crystal guardians (Crypt:3)
  4 merfolk javelineers
  8 merfolk impalers
  13 fire dragons
  Snorg (D:14)
  2 jiangshi (Crypt:2)
  6 deep elf death magi
  12 blizzard demons
  23 yaktaur captains
  2 quicksilver dragon zombies
  2 kraken zombies (Coc:3)
  9 deep elf high priests
  10 great orbs of eyes
  17 ice dragons
  30 vault guards
  6 hydras
  5 rakshasas
  5 spriggan air magi
  13 anacondas
  18 naga warriors
  4 merfolk avatars
  The ghost of Violenta the Thaumaturge, a journeyman GnWz of Vehumet (D:10)
  4 merfolk aquamancers
  3 catoblepae
  2 alligator snapping turtles (Shoals:4)
  4 deep troll shamans
  The ghost of Zemec the Eclecticist, a journeyman DEWz of Sif Muna (Snake:3)
  The ghost of Hexkiphoqie the Eclecticist, a journeyman DEWz of Sif Muna (Snake:3)
  Erica (Lair:2)
  48 two-headed ogres
  14 centaur warriors
  16 death yaks
  A satyr (Shoals:4)
  3 death knights
  4 spriggan berserkers
  32 dancing weapons
  An orc high priest (Elf:1)
  5 tengu warriors
  27 ogre magi
  3 deep troll earth magi
  2 vampire magi
  2 titan zombies
  13 naga sharpshooters
  9 soul eaters
  3 storm dragon zombies
  32 hell knights
  2 iron golems (Hell)
  6 small abominations
  18 deep elf knights
  5 shock serpents
  Sonja (Orc:1)
  3 sun demons (Hell)
  3 shadow wraiths
  An iron troll (Depths:4)
  3 titan skeletons
  3 salamander mystics
  14 sea snakes
  3 golden dragon zombies
  8 anaconda zombies
  5 flayed ghosts
  A shadow demon (Depths:3)
  77 skeletal warriors
  10 wizards
  4 storm dragon skeletons
  2 glowing orange brains
  3 unseen horrors
  A shadow dragon zombie (Coc:3)
  10 deep elf archers
  5 naga ritualists
  10 deep trolls
  3 lindwurms
  A golden dragon skeleton (Coc:3)
  16 harpies
  2 mana vipers (shapeshifter)
  15 orc knights
  5 phantasmal warriors
  5 anaconda skeletons
  2 iron dragon zombies (Hell)
  59 deep elf magi
  5 fire giant zombies
  18 ironbrand convokers
  2 wolf spider zombies
  A lindwurm (shapeshifter) (Vaults:5)
  48 ugly things
  5 stone giant zombies
  25 necromancers
  10 salamanders
  5 orc sorcerers
  4 shadow dragon skeletons
  3 wolf spiders
  7 cyclopes
  9 moths of wrath
  2 mana vipers (Snake:4)
  4 fauns
  A black mamba (shapeshifter) (Vaults:3)
  10 manticores
  24 black mambas
  11 merfolk sirens
  20 naga magi
  4 dire elephant zombies
  15 elephants
  Joseph (D:7)
  An elephant (shapeshifter) (Vaults:5)
  6 fire giant skeletons
  8 rust devils (Hell)
  6 water nymphs
  5 spectral swamp worms (Depths:4)
  13 guardian serpents
  12 vault sentinels
  2 molten gargoyles (Hell)
  4 ice statues
  2 elf skeletons
  9 spiny frogs
  2 smoke demons (Hell)
  3 kobold demonologists
  2 dire elephant skeletons
  2 shock serpent skeletons
  43 yaktaurs
  8 komodo dragons
  2 spectral sea snakes (Shoals:2)
  A demonic crawler (Hell)
  3 spectral merfolk (Shoals:2)
  13 hydra zombies
  A death yak zombie (Crypt:1)
  28 ice devils
  2 grey draconian zombies
  7 tormentors
  8 rime drakes
  A harpy zombie (Coc:3)
  A hellwing (Depths:3)
  7 tengu conjurers
  25 freezing wraiths
  An anaconda simulacrum (Hell)
  3 red devils
  5 trolls
  4 tyrant leeches (Depths:1)
  A troll (shapeshifter) (Depths:5)
  A tyrant leech (shapeshifter) (Depths:2)
  7 wind drakes
  A jumping spider (shapeshifter) (Vaults:2)
  A jumping spider (Vaults:3)
  2 wolf spider simulacra
  24 merfolk
  9 hornets
  2 meliai (D:13)
  A polar bear (Lair:5)
  A queen bee (D:13)
  A moth of wrath zombie (Crypt:1)
  A spectral manticore (Shoals:2)
  9 blink frogs (Lair:5)
  A blink frog (shapeshifter) (Vaults:2)
  17 hippogriffs
  4 fire dragon zombies
  Prince Ribbit (D:7)
  2 bog bodies
  2 dream sheep (Shoals:4)
  9 hydra skeletons
  A meliai zombie (D:13)
  10 snapping turtles
  9 alligator zombies
  A hippogriff (shapeshifter) (Vaults:1)
  A dream sheep (shapeshifter) (Vaults:4)
  An ettin zombie (Crypt:3)
  2 ice dragon zombies
  55 flying skulls
  8 shadows
  An ettin skeleton (Coc:1)
  A frost giant simulacrum (Hell)
  2 air elementals
  2 ice dragon skeletons
  An alligator skeleton (Coc:1)
  2 fire dragon skeletons
  A tarantella (Vaults:1)
  An iron dragon simulacrum (Hell)
  A redback (shapeshifter) (Vaults:3)
  A spriggan simulacrum (Depths:4)
  3 spriggans
  26 water elementals
  11 fire elementals
  4 redbacks
  A dire elephant simulacrum (Hell)
  12 wraiths
  37 yaks
  A golden eye (shapeshifter) (Vaults:1)
  6 wyverns
  A steam dragon (shapeshifter) (D:14)
  3 basilisks (Lair:4)
  4 fire bats (D:14)
  A basilisk (shapeshifter) (Vaults:2)
  2 vampire mosquitoes (D:15)
  A catoblepas simulacrum (Hell)
  2 hungry ghosts (D:13)
  2 sea snake simulacra (Shoals:2)
  A spatial vortex (Coc:2)
  3 steam dragons (Shoals:4)
  A water nymph zombie (Crypt:2)
  67 nagas
  2 merfolk zombies
  7 wargs
  A soldier ant (shapeshifter) (Depths:4)
  A hydra simulacrum (Coc:2)
  A two-headed ogre zombie (Crypt:1)
  A torturous demonspawn zombie (Crypt:1)
  An acid dragon (shapeshifter) (Vaults:2)
  3 hell hounds (D:14)
  9 water moccasins
  7 porcupines
  14 spiny frog zombies
  A merfolk skeleton (Crypt:1)
  A fire dragon simulacrum (Hell)
  A human skeleton (Vaults:1)
  19 ice beasts
  3 black bears
  3 sky beasts
  2 snapping turtle zombies
  69 orc warriors
  4 spiny frog skeletons
  2 ettin simulacra
  An alligator simulacrum (Coc:4)
  5 phantoms
  23 wolves
  43 ogres
  9 necrophages
  9 boggarts
  51 centaurs
  A blink frog skeleton (Crypt:2)
  7 crocodiles
  A bullfrog (shapeshifter) (Depths:4)
  2 big kobolds
  23 bullfrogs
  A merfolk simulacrum (Shoals:2)
  5 earth elementals
  3 scorpions
  2 snapping turtle simulacra (Shoals:2)
  11 killer bees
  A spriggan skeleton (Hell)
  A troll skeleton (Crypt:2)
  19 wights
  5 electric eels (Elf:3)
  6 howler monkeys
  A yak skeleton (Crypt:2)
  A quasit (D:6)
  4 centaur zombies
  7 crimson imps
  2 lava snakes (D:14)
  5 hounds
  2 bullfrog zombies
  25 orc priests
  3 jellies
  31 orc wizards
  2 bullfrog skeletons
  11 centaur skeletons
  4 human zombies (Ossuary)
  3 iguanas
  Ijyb (D:5)
  10 worker ants
  A sky beast zombie (Crypt:2)
  A big kobold zombie (Ossuary)
  2 hound skeletons
  6 mummies
  2 worker ant zombies
  Robin (D:3)
  21 adders
  12 gnolls
  A howler monkey skeleton (D:6)
  A hound simulacrum (D:7)
  2 shadow imps
  23 white imps
  A worker ant simulacrum (D:7)
  10 ufetubi
  2 adder zombies (Ossuary)
  An adder skeleton (D:4)
  A lava snake skeleton (Crypt:1)
  5 worms
  4 dart slugs
  4 leopard geckos
  135 orcs
  7 bats
  8 giant cockroaches
  18 goblins
  8 hobgoblins
  13 jackals
  5 quokkas
  5 ball pythons
  4 frilled lizards
  A frilled lizard skeleton (Crypt:1)
  A goblin zombie (Ossuary)
  14 hobgoblin zombies
  2 jackal zombies
  15 kobolds
  10 kobold zombies (Ossuary)
  A leopard gecko skeleton (Crypt:2)
  A leopard gecko zombie (D:5)
  5 orc zombies
  7 rats
  2 rat zombies (Ossuary)
  6 crawling corpses
  2 fire vortices (D:14)
  5 fungi
  8 plants
  7 tentacles
2857 creatures vanquished.

Vanquished Creatures (collateral kills)
  Sojobo (Vaults:3)
  An Ice Fiend (Coc:3)
  Rupert (Lair:6)
  A storm dragon (Vaults:5)
  A deep elf sorcerer (Depths:3)
  An orc warlord (Orc:2)
  Louise (Snake:3)
  A deep elf annihilator (Elf:3)
  A deep elf death mage (Elf:3)
  Harold (Lair:1)
  A vault guard (Vaults:5)
  A hydra (Lair:3)
  A two-headed ogre (D:8)
  A catoblepas (Lair:6)
  A shock serpent (Snake:3)
  The ghost of Violenta the Cleaver, a novice MiBe of Trog (D:7)
  Nergalle (Orc:1)
  A cyclops (D:11)
  2 deep elf magi (Elf:2)
  4 elephants
  A rime drake (Lair:4)
  A meliai (D:13)
  A hippogriff (Lair:4)
  3 blink frogs (Lair:3)
  A flying skull (Coc:3)
  A basilisk (Lair:4)
  A fire elemental (D:14)
  A neqoxec (Depths:3)
  A warg (D:11)
  6 orc warriors
  An ice beast (D:7)
  3 wolves
  2 centaurs
  A big kobold (D:11)
  A bullfrog (D:11)
  10 killer bees
  A crimson imp (D:11)
  3 orc wizards
  A worker ant (D:11)
  A bullfrog simulacrum (D:7)
  A hound simulacrum (D:7)
  An adder simulacrum (D:7)
  5 orcs
  2 jackals (D:11)
  2 kobolds (D:11)
  A fungus (Lair:4)
  A plant (Lair:6)
78 creatures vanquished.

Vanquished Creatures (others)
  2 deep elf master archers (Elf:3)
  A very ugly thing (Depths:4)
  A stone giant (Vaults:5)
  An ironheart preserver (Vaults:1)
  An elemental wellspring (Coc:3)
  A vampire knight (Depths:2)
  A deep elf annihilator (Elf:1)
  A merfolk javelineer (Shoals:2)
  4 yaktaur captains
  A vault guard (Vaults:5)
  An ice dragon (Depths:5)
  2 centaur warriors
  2 satyrs
  A naga sharpshooter (Snake:4)
  4 deep elf archers
  A necromancer (Vaults:5)
  An orc knight (Vaults:5)
  A salamander (Depths:5)
  A cyclops (Shoals:4)
  A vault sentinel (Vaults:2)
  18 yaktaurs
  A wind drake (Shoals:4)
  A tarantella (shapeshifter) (Vaults:5)
  A water moccasin (Depths:2)
  An orc warrior (Elf:1)
  6 centaurs
  An ogre (Vaults:5)
  An earth elemental (Elf:1)
  An adder (Depths:2)
  A white imp (IceCv)
  2 ufetubi (IceCv)
  2 ball pythons (Depths:2)
  A bush (Lair:6)
  A crawling corpse (Elf:3)
  A fire vortex (D:14)
  8 fungi
  27 plants
  A spectral weapon (Vaults:5)
  16 tentacles
  3 withered plants (Snake:3)
123 creatures vanquished.

Grand Total: 3058 creatures vanquished

Notes
Turn   | Place    | Note
-------+----------+-------------------------------------------
     0 | D:1      | GroovyGamera the Gargoyle Fighter began the quest for the
                  | Orb.
     0 | D:1      | Reached XP level 1. HP: 14/14 MP: 1/1
   242 | D:1      | Reached XP level 2. HP: 9/19 MP: 2/2
   620 | D:1      | Reached XP level 3. HP: 23/23 MP: 3/3
  1156 | D:2      | Found a sparkling altar of Nemelex Xobeh.
  1243 | D:2      | Reached XP level 4. HP: 29/29 MP: 4/4
  1324 | D:2      | Found a shadowy altar of Dithmenos.
  1647 | D:2      | Reached skill level 4 in Shields
  1672 | D:2      | Found a bloodstained altar of Trog.
  1757 | D:2      | Reached XP level 5. HP: 30/33 MP: 5/5
  2309 | D:3      | Found a shadowy altar of Dithmenos.
  2561 | D:3      | Noticed Robin
  2655 | D:3      | Killed Robin
  2980 | D:4      | Reached XP level 6. HP: 26/39 MP: 6/6
  3057 | D:4      | Reached XP level 7. HP: 31/44 MP: 7/7
  3428 | D:4      | Reached skill level 5 in Shields
  3464 | D:4      | Found an ornate altar of the Wu Jian Council.
  3464 | D:4      | Found a burning altar of Makhleb.
  3465 | D:4      | Found a radiant altar of Vehumet.
  3845 | D:4      | Became a worshipper of Makhleb the Destroyer
  3874 | D:5      | Entered Level 5 of the Dungeon
  4037 | D:5      | Reached skill level 5 in Fighting
  4082 | D:5      | Found Zuud's Book Boutique.
  4132 | D:5      | Reached skill level 5 in Armour
  4148 | D:5      | Noticed Ijyb
  4175 | D:5      | Killed Ijyb
  4194 | D:5      | Reached skill level 5 in Axes
  4198 | D:5      | Found a sand-covered staircase.
  4208 | Ossuary  | Entered an ossuary
  4336 | Ossuary  | Reached * piety under Makhleb
  4400 | Ossuary  | Reached XP level 8. HP: 47/50 MP: 8/8
  4616 | D:5      | Found a white marble altar of Elyvilon.
  4830 | D:5      | Reached ** piety under Makhleb
  4854 | D:5      | Reached skill level 6 in Shields
  5465 | D:6      | Got an encrusted hand axe
  5469 | D:6      | Identified the +4 hand axe "Eblotoas" {freeze, rElec rF+}
                  | (You found it on level 6 of the Dungeon)
  5708 | D:6      | Reached XP level 9. HP: 53/56 MP: 9/9
  5934 | D:6      | Reached skill level 1 in Invocations
  6093 | D:6      | Reached skill level 7 in Shields
  6568 | D:7      | Noticed a hornet
  6594 | D:6      | Killed a hornet
  6779 | D:7      | Noticed Violenta's ghost (novice MiBe)
  6805 | D:7      | Found a runed gate.
  6805 | D:7      | Found a runed gate.
  6805 | D:7      | Found a runed gate.
  6824 | D:7      | Found a staircase to the Ecumenical Temple.
  6831 | Temple   | Entered the Ecumenical Temple
  6839 | Temple   | Reached *** piety under Makhleb
  7106 | D:7      | Noticed Prince Ribbit
  7113 | D:7      | Killed Prince Ribbit
  7238 | D:7      | Noticed Joseph
  7260 | D:7      | Killed Joseph
  7260 | D:7      | Reached skill level 8 in Shields
  7260 | D:7      | Reached XP level 10. HP: 62/64 MP: 13/13
  7501 | D:8      | Found a snail-covered altar of Cheibriados.
  7778 | D:8      | Noticed a two-headed ogre
  8308 | D:8      | Found Bucekana's Armour Shop.
  8597 | D:9      | Reached **** piety under Makhleb
  8770 | D:9      | Found a glowing silver altar of Zin.
  8952 | D:9      | Reached skill level 9 in Shields
  8957 | D:9      | Reached skill level 10 in Axes
  9079 | D:10     | Entered Level 10 of the Dungeon
  9262 | D:10     | Found a runed door.
  9280 | D:10     | Reached XP level 11. HP: 71/71 MP: 14/14
  9431 | D:10     | Noticed a cyan ugly thing
  9455 | D:9      | Killed a cyan ugly thing
  9455 | D:9      | Reached ***** piety under Makhleb
  9634 | D:10     | Noticed Violenta's ghost (journeyman GnWz)
  9634 | D:10     | Noticed a deep elf mage
  9943 | D:10     | Found a roughly hewn altar of Beogh.
 10570 | D:7      | Killed Violenta's ghost
 10593 | D:7      | Got the ring of Boonarpha {Fire}
 10668 | D:8      | Killed a two-headed ogre
 10668 | D:8      | Reached skill level 5 in Invocations
 10847 | D:8      | Bought a scarf of cloud immunity for 91 gold pieces
 10974 | D:11     | Found a sparkling altar of Nemelex Xobeh.
 10974 | D:11     | Noticed a cyclops
 10982 | D:10     | Reached skill level 10 in Shields
 11087 | D:11     | Reached skill level 10 in Fighting
 11132 | D:11     | Killed a cyclops
 11159 | D:11     | Found a staircase to the Lair.
 11214 | D:11     | Found a roughly hewn altar of Beogh.
 11214 | D:11     | Found a staircase to the Orcish Mines.
 11536 | D:11     | Noticed a green ugly thing
 11560 | D:11     | Killed a green ugly thing
 11755 | D:11     | Reached XP level 12. HP: 77/77 MP: 16/16
 12985 | Lair:1   | Entered Level 1 of the Lair of Beasts
 13094 | Lair:1   | Noticed Harold
 13253 | Lair:1   | Identified the ring "Yhier" {rCorr *Contam rElec rF+ MR++}
 13270 | Lair:1   | Killed Harold
 13323 | Lair:1   | Noticed a catoblepas
 13409 | D:11     | Killed a catoblepas
 13643 | Lair:1   | Reached skill level 11 in Shields
 14057 | Lair:2   | Noticed Erica
 14088 | Lair:2   | Killed Erica
 14242 | Lair:2   | You fall through a shaft!
 14416 | Lair:3   | Noticed a five-headed hydra
 14432 | Lair:4   | Noticed an eight-headed hydra
 14677 | Lair:3   | Noticed a four-headed hydra
 14687 | Lair:3   | Killed a two-headed hydra
 14698 | Lair:3   | Got an ancient scale mail
 14699 | Lair:3   | Noticed a six-headed hydra
 14703 | Lair:3   | Killed a four-headed hydra
 14703 | Lair:3   | Reached XP level 13. HP: 57/84 MP: 17/17
 15508 | D:5      | Bought a book of the Sky for 910 gold pieces
 15515 | D:5      | Learned a level 6 spell: Deflect Missiles
 15521 | D:5      | Learned a level 5 spell: Silence
 15796 | Lair:3   | Identified the +3 scale mail of Repulsion {rF+ Str+4} (You
                  | found it on level 3 of the Lair of Beasts)
 15983 | Lair:3   | Reached skill level 1 in Air Magic
 16930 | Lair:4   | Reached skill level 12 in Shields
 17404 | Lair:4   | Found a staircase to the Snake Pit.
 17478 | Lair:4   | Found a staircase to the Shoals.
 18599 | Lair:5   | Gained mutation: Your large and strong wings let you fly
                  | indefinitely. [Gargoyle growth]
 18599 | Lair:5   | Reached XP level 14. HP: 78/92 MP: 18/18
 18696 | Lair:5   | Found a viscous altar of Jiyva.
 18697 | Lair:5   | Found a staircase to the Slime Pits.
 18969 | Lair:5   | Reached skill level 5 in Air Magic
 19126 | Lair:5   | Reached skill level 1 in Spellcasting
 19223 | Lair:6   | Entered Level 6 of the Lair of Beasts
 19415 | Lair:6   | Noticed Rupert
 19475 | Lair:6   | Killed Rupert
 19478 | Lair:6   | Reached skill level 13 in Shields
 21467 | D:10     | Killed Violenta's ghost
 21467 | D:10     | Reached skill level 15 in Axes
 21641 | Orc:1    | Entered Level 1 of the Orcish Mines
 21641 | Orc:1    | Noticed Nergalle
 21647 | Orc:1    | Noticed Sonja
 21672 | Orc:1    | Killed Sonja
 21676 | Orc:1    | Killed Nergalle
 21923 | Orc:2    | Entered Level 2 of the Orcish Mines
 21929 | Orc:2    | Reached XP level 15. HP: 97/97 MP: 20/20
 22129 | Orc:1    | Reached skill level 14 in Shields
 22891 | Orc:2    | Found a roughly hewn altar of Beogh.
 23056 | Orc:2    | Found Goceod's Antique Weapon Emporium.
 23056 | Orc:2    | Found Citum's Distillery.
 23056 | Orc:2    | Found Zulef's Armour Shop.
 23059 | Orc:2    | Found Leoqyhi's Antique Armour Shoppe.
 23077 | Orc:2    | Bought a +2 pair of gloves for 247 gold pieces
 23280 | Orc:2    | Found a staircase to the Elven Halls.
 23454 | Orc:1    | Noticed an orc warlord
 24022 | Orc:2    | Killed an orc warlord
 24553 | Orc:1    | Reached ****** piety under Makhleb
 24901 | D:12     | You are sucked into a shaft for 2 floors!
 24901 | D:14     | Found an ancient bone altar of Kikubaaqudgha.
 24902 | D:14     | Noticed Azrael
 24928 | D:14     | Killed Azrael
 24950 | D:14     | Reached skill level 5 in Spellcasting
 25025 | D:14     | Noticed Snorg
 25037 | D:14     | Killed Snorg
 25447 | D:14     | Reached skill level 15 in Shields
 25787 | D:13     | Found a gate to the Vaults.
 26190 | D:13     | Reached skill level 1 in Hexes
 26190 | D:13     | Reached skill level 1 in Charms
 26193 | D:13     | Reached skill level 1 in Dodging
 26928 | D:12     | Found a glowing golden altar of the Shining One.
 28253 | Snake:1  | Entered Level 1 of the Snake Pit
 28259 | Snake:1  | Found a frozen archway.
 28268 | IceCv    | Entered an ice cave
 28327 | IceCv    | Reached XP level 16. HP: 104/104 MP: 23/23
 28539 | IceCv    | Got a warped demon whip
 28540 | IceCv    | Identified the +4 demon whip of the Dragonfly {pain, Int+2}
                  | (You found it in an ice cave)
 30934 | Snake:3  | Got a dazzling shortbow
 30939 | Snake:3  | Got a pair of warped gloves
 30951 | Snake:3  | Identified the +3 pair of gloves "Leoryifu" {rN+ Str+6
                  | Int+2} (You found it on level 3 of the Snake Pit)
 30957 | Snake:3  | Identified the +11 shortbow "Yteaps" {velocity, rElec rPois
                  | rF- MP+9} (You found it on level 3 of the Snake Pit)
 31859 | Snake:3  | Found a runed gate.
 31860 | Snake:3  | Found a runed gate.
 31862 | Snake:3  | Found a runed gate.
 31862 | Snake:3  | Noticed Hexkiphoqie's ghost (journeyman DEWz)
 31863 | Snake:3  | Noticed Saaqexih's ghost (journeyman CeHu)
 31863 | Snake:3  | Noticed Zemec's ghost (journeyman DEWz)
 31915 | Snake:3  | Noticed Louise
 32002 | Snake:3  | Killed Louise
 32428 | Snake:3  | Killed Hexkiphoqie's ghost
 32716 | Snake:2  | Killed Saaqexih's ghost
 32716 | Snake:2  | Reached skill level 5 in Hexes
 32716 | Snake:2  | Reached skill level 5 in Charms
 32716 | Snake:2  | Reached XP level 17. HP: 104/110 MP: 8/24
 32738 | Snake:3  | Killed Zemec's ghost
 32817 | Snake:4  | Entered Level 4 of the Snake Pit
 33309 | Snake:4  | Reached skill level 5 in Dodging
 33631 | Snake:4  | Got a serpentine rune of Zot
 33734 | Snake:4  | Found Gofin's Jewellery Emporium.
 33735 | Snake:4  | Found Opaxzuziop's Gadget Shop.
 33736 | Snake:4  | Found Comuusu's Jewellery Emporium.
 34456 | Shoals:1 | Entered Level 1 of the Shoals
 34540 | Shoals:1 | Noticed a kraken
 34570 | Shoals:1 | Killed a kraken
 34985 | Shoals:1 | Noticed Roxanne
 35007 | Shoals:1 | Killed Roxanne
 35320 | Shoals:2 | Reached XP level 18. HP: 118/118 MP: 25/25
 35364 | Shoals:2 | Reached skill level 15 in Fighting
 35436 | Shoals:2 | Found Nuixtuff's Book Shop.
 35445 | Shoals:2 | Bought a book of Summonings for 980 gold pieces
 35445 | Shoals:2 | Bought a book of Burglary for 1050 gold pieces
 35480 | Shoals:2 | Found Zanad's Book Shop.
 35501 | Shoals:2 | Found Justuxec's Antique Armour Shop.
 35520 | Shoals:2 | Bought a pair of runed boots for 262 gold pieces
 35530 | Shoals:2 | Identified a +0 pair of boots of running (You bought it in
                  | a shop on level 2 of the Shoals)
 35535 | Shoals:2 | Bought a book of Minor Magic for 380 gold pieces
 35809 | Shoals:2 | Found a runed gate.
 35810 | Shoals:2 | Found a runed gate.
 35811 | Shoals:2 | Found a runed gate.
 35813 | Shoals:2 | Noticed Uczi Nai's ghost (adept DDFi)
 35871 | Shoals:2 | Found Oskaggatz's Gadget Boutique.
 35913 | Shoals:2 | Found Witzom's Antique Weapon Emporium.
 36119 | Shoals:2 | Killed Uczi Nai's ghost
 36269 | Shoals:3 | Got an encrusted chain mail
 36457 | Shoals:3 | Noticed Ilsuiw
 36467 | Shoals:3 | Noticed Polyphemus
 36520 | Shoals:3 | Killed Polyphemus
 36558 | Shoals:3 | Killed Ilsuiw
 36600 | Shoals:3 | Identified the +7 chain mail "Saucutus" {*Drain rCorr
                  | Int+4} (You found it on level 3 of the Shoals)
 36608 | Shoals:3 | Identified a scroll of acquirement
 36610 | Shoals:3 | Got a sapphire executioner's axe
 36616 | Shoals:3 | Identified the +9 executioner's axe of Dur Ric {pain, *Rage
                  | rF++ rC+++ MR-} (You acquired it on level 3 of the Shoals)
 37171 | Shoals:4 | Entered Level 4 of the Shoals
 37768 | Shoals:4 | Got a barnacled rune of Zot
 38063 | Shoals:4 | Reached XP level 19. HP: 127/127 MP: 28/28
 38321 | Shoals:4 | Got a crude war axe
 38322 | Shoals:4 | Identified the cursed +1 war axe "Raisin" {chop, Int+4
                  | Dex+3} (You found it on level 4 of the Shoals)
 39083 | D:15     | Entered Level 15 of the Dungeon
 39083 | D:15     | Found a stormy altar of Qazlal.
 39525 | D:15     | Found a staircase to the Depths.
 39717 | D:15     | Found a portal to a secret trove of treasure.
 40572 | Elf:1    | Entered Level 1 of the Elven Halls
 40599 | Elf:1    | Upgraded the game from 0.23-a0-516-g0f8c245 to
                  | 0.23-a0-536-g5e0f5a2
 40750 | Elf:1    | Reached skill level 10 in Air Magic
 40782 | Elf:1    | Identified the ring of the Lost People {+Fly Str+6}
 40972 | Elf:1    | Noticed Agnes
 40986 | Elf:1    | Killed Agnes
 41299 | Elf:1    | Noticed a Hell Sentinel
 41579 | Elf:1    | Noticed a Brimstone Fiend
 42586 | Elf:2    | Found Rymmiak's Book Emporium.
 42586 | Elf:2    | Found Widok's General Store.
 42604 | Elf:2    | Bought a scroll of enchant armour for 105 gold pieces
 42640 | Elf:2    | Got a pitted lead amulet
 42947 | Elf:2    | Identified the amulet "Nieluyxt" {Acrobat Str+3} (You found
                  | it on level 2 of the Elven Halls)
 43154 | Elf:2    | Found Junis's Food Shoppe.
 43162 | Elf:2    | Reached XP level 20. HP: 133/134 MP: 32/32
 43397 | Elf:2    | Found a huge runed gate.
 43397 | Elf:2    | Found a huge runed gate.
 43397 | Elf:2    | Found a huge runed gate.
 43397 | Elf:2    | Found a huge runed gate.
 43397 | Elf:2    | Found a huge runed gate.
 43778 | Elf:2    | Reached skill level 10 in Armour
 44214 | Elf:3    | Entered Level 3 of the Elven Halls
 44286 | Elf:3    | Found a radiant altar of Vehumet.
 45976 | Elf:3    | Identified the +9 great sword "Munum" {venom, rPois rC-
                  | Str+4 SInv}
 45976 | Elf:3    | Identified the ring of Xom's Absentmindedness {+Inv rElec
                  | rF++ Int-3 Dex+5}
 46014 | Elf:3    | Identified the ring "Medaseun" {rElec rF+ Int+5}
 46103 | Elf:3    | Identified the ring "Gerghullac" {*Contam rElec Str+4 Int+5
                  | SInv}
 46291 | Elf:3    | Identified the cursed +0 glaive of the King {antimagic,
                  | Str+6 Dex-4}
 46337 | Elf:3    | Got a transparent ring mail
 46354 | Elf:3    | Identified the +2 ring mail "Vuarhume" {rN++ Str-5 Dex+8
                  | Stlth+} (You found it on level 3 of the Elven Halls)
 46367 | Elf:3    | Identified the Reference Book on Glacial Envenoming
 46372 | Elf:3    | Identified Sif Muna's Papyrus of Icy Flight
 46372 | Elf:3    | Identified the cursed +2 dagger "Beetlebane" {antimagic,
                  | Str+2}
 46750 | Vaults:1 | Entered Level 1 of the Vaults
 46870 | Vaults:1 | Reached XP level 21. HP: 142/142 MP: 33/33
 47473 | Vaults:1 | Reached skill level 10 in Invocations
 48497 | Vaults:1 | Found Fiydaddy's Antique Weapon Emporium.
 48731 | Vaults:1 | Learned a level 1 spell: Summon Butterflies
 48735 | Vaults:1 | Learned a level 3 spell: Regeneration
 48740 | Vaults:1 | Learned a level 4 spell: Cause Fear
 49797 | Vaults:2 | Reached skill level 16 in Shields
 50603 | Vaults:3 | Reached skill level 17 in Shields
 50810 | Vaults:3 | Noticed Margery
 50826 | Vaults:3 | Reached XP level 22. HP: 150/150 MP: 34/34
 50839 | Vaults:3 | Killed Margery
 51062 | Vaults:3 | Noticed Boris
 51086 | Vaults:3 | Killed Boris
 51086 | Vaults:3 | Reached skill level 18 in Shields
 51092 | Vaults:3 | You are sucked into a shaft!
 51391 | Vaults:3 | Noticed Sojobo
 52152 | Vaults:4 | Reached skill level 19 in Shields
 53110 | Vaults:5 | Entered Level 5 of the Vaults
 53142 | Vaults:5 | Identified the +8 dire flail of Oqijeguv {flame, rPois MR+
                  | Int-3 SInv}
 53144 | Vaults:5 | Reached XP level 23. HP: 154/156 MP: 35/35
 53156 | Vaults:5 | Reached skill level 20 in Shields
 53291 | Vaults:5 | Reached skill level 10 in Hexes
 53418 | Vaults:5 | Identified the ring "Riomeasu" {Str+6 Slay+3}
 53439 | Vaults:4 | Learned a level 2 spell: Blink
 53442 | Vaults:4 | Learned a level 2 spell: Swiftness
 53742 | Vaults:5 | Reached skill level 21 in Shields
 53796 | Vaults:5 | Identified the ring "Kusiw" {-Tele +Fly MR+ Int+7}
 54113 | Vaults:5 | Reached XP level 24. HP: 164/164 MP: 35/35
 54310 | Vaults:5 | Identified the +1 robe of the Hills {Regen+ rCorr SInv}
 54450 | Vaults:5 | Found Ycunneat's Book Shoppe.
 54458 | Vaults:5 | Bought the Collected Works on Captivating Stones for 912
                  | gold pieces
 54462 | Vaults:5 | Learned a level 3 spell: Spectral Weapon
 54510 | Vaults:5 | Got a silver rune of Zot
 55015 | Depths:1 | Entered Level 1 of the Depths
 55175 | Depths:1 | Found a gateway to a ziggurat.
 55462 | Depths:1 | Found a gateway to Hell.
 55854 | Depths:1 | Upgraded the game from 0.23-a0-536-g5e0f5a2 to
                  | 0.23-a0-539-g3f6f39f
 56701 | Depths:2 | Reached skill level 22 in Shields
 56732 | Depths:2 | Noticed a juggernaut
 57314 | Depths:2 | Killed a juggernaut
 57314 | Depths:2 | Reached skill level 1 in Evocations
 57488 | Depths:2 | Found a one-way gate leading to the halls of Pandemonium.
 57704 | Depths:3 | Gained mutation: You are clumsy. (Dex -2) [a neqoxec]
 57848 | Depths:3 | Found a deep blue altar of Sif Muna.
 58120 | Depths:3 | Identified the Reference Book on Toxic Earth
 58155 | Depths:3 | Identified the Tome of the Voyage
 58184 | Depths:3 | Identified the Reference Book on Viperous Shape Shifting
 58261 | Depths:3 | Found a one-way gate to the infinite horrors of the Abyss.
 58311 | Depths:3 | Reached XP level 25. HP: 122/172 MP: 36/36
 58469 | Depths:3 | Reached skill level 10 in Spellcasting
 58475 | Depths:3 | Found a snail-covered altar of Cheibriados.
 58732 | Depths:3 | Noticed an ancient lich
 58748 | Depths:3 | Killed an ancient lich
 58888 | Depths:3 | Identified Qapp's Tome of the Unholy Oath
 58890 | Depths:3 | Identified the Almanac of Darkness and Companions
 58909 | Depths:3 | Identified Lidocvon's Grimoire of Boosts and the Volcanoes
 59400 | Depths:4 | Identified the amulet of the Trilobite {+Rage +Inv Dex+4}
 59593 | Depths:4 | Identified the ring of Tomorrow {rPois rN+ EV+2 Dex+4
                  | Slay+2}
 59639 | Depths:4 | Identified the ring "Neno Cea" {*Slow rElec rF+++ Str+5
                  | Dex+3}
 59871 | Depths:4 | Identified the ring of the Lotus Blossom {Fire *Contam
                  | Dex+7}
 60076 | Depths:4 | Found Tomus's General Store.
 60079 | Depths:4 | Bought the ring of Hixzes {+Inv rF+ rC+ Str+8} for 942 gold
                  | pieces
 60079 | Depths:4 | Bought a scroll of magic mapping for 52 gold pieces
 60079 | Depths:4 | Bought a scroll of summoning for 142 gold pieces
 60079 | Depths:4 | Bought a scroll of enchant weapon for 112 gold pieces
 60337 | Depths:4 | You are sucked into a shaft!
 60337 | Depths:5 | Entered Level 5 of the Depths
 60419 | Depths:5 | Reached skill level 5 in Evocations
 60687 | Depths:4 | Reached skill level 23 in Shields
 60896 | Depths:5 | Reached XP level 26. HP: 180/180 MP: 37/37
 61028 | Depths:5 | Found a gate to the Realm of Zot.
 61445 | Depths:5 | Found a white marble altar of Elyvilon.
 61445 | Depths:5 | Found a glowing golden altar of the Shining One.
 61445 | Depths:5 | Found a glowing silver altar of Zin.
 61657 | Zot:1    | Entered Level 1 of the Realm of Zot
 63256 | Zot:2    | Reached XP level 27. HP: 173/188 MP: 37/37
 63614 | Zot:2    | Reached skill level 24 in Shields
 64326 | Zot:3    | Reached skill level 10 in Evocations
 64433 | Zot:3    | Noticed an orb of fire
 64435 | Zot:3    | Gained mutation: You are weak. (Str -2) [an orb of fire]
 64451 | Zot:3    | Gained mutation: You are occasionally teleported next to
                  | monsters. [an orb of fire]
 64459 | Zot:3    | Gained mutation: Your body sometimes deteriorates upon
                  | taking damage. [an orb of fire]
 64594 | Zot:2    | Lost mutation: You are clumsy. (Dex -2) [potion of
                  | mutation]
 64594 | Zot:2    | Lost mutation: You are weak. (Str -2) [potion of mutation]
 64594 | Zot:2    | Gained mutation: You can translocate small distances at
                  | will. [potion of mutation]
 64594 | Zot:2    | Gained mutation: You evolve. [potion of mutation]
 64595 | Zot:2    | Lost mutation: You can translocate small distances at will.
                  | [potion of mutation]
 64595 | Zot:2    | Lost mutation: Your body sometimes deteriorates upon taking
                  | damage. [potion of mutation]
 64595 | Zot:2    | Lost mutation: You are occasionally teleported next to
                  | monsters. [potion of mutation]
 64595 | Zot:2    | Lost mutation: You evolve. [potion of mutation]
 64595 | Zot:2    | Gained mutation: You are partially covered in thin metallic
                  | scales. (AC +2) [potion of mutation]
 64595 | Zot:2    | Gained mutation: Potions are less effective at restoring
                  | your health. [potion of mutation]
 64595 | Zot:2    | Gained mutation: Your movements are slightly less
                  | encumbered by armour. (ER -2) [potion of mutation]
 64595 | Zot:2    | Gained mutation: You are resistant to hostile enchantments.
                  | (MR+) [potion of mutation]
 65873 | Vaults:3 | Found a staircase to the Crypt.
 66292 | Vaults:3 | Found Izusoor's Antique Armour Emporium.
 66301 | Vaults:3 | Bought a glowing scarf for 280 gold pieces
 66624 | Vaults:3 | Killed Sojobo
 66897 | Crypt:1  | Entered Level 1 of the Crypt
 68225 | Crypt:2  | Noticed Jory
 68255 | Crypt:2  | Killed Jory
 68697 | Crypt:2  | Reached skill level 25 in Shields
 69167 | Crypt:3  | Entered Level 3 of the Crypt
 69331 | Crypt:3  | Reached skill level 1 in Summonings
 69546 | Crypt:3  | Learned a level 5 spell: Summon Mana Viper
 69678 | Crypt:3  | Noticed Frederick
 69700 | Crypt:3  | Killed Frederick
 69781 | Crypt:3  | Found a staircase to the Tomb.
 69887 | Crypt:3  | Noticed Khufu
 69888 | Crypt:3  | Noticed a greater mummy
 69924 | Crypt:3  | Killed Khufu
 69926 | Crypt:3  | Killed a greater mummy
 70229 | Crypt:3  | Reached skill level 5 in Summonings
 70378 | Crypt:3  | Noticed an ancient lich
 70390 | Crypt:3  | Killed an ancient lich
 70408 | Crypt:3  | Found an ancient bone altar of Kikubaaqudgha.
 70661 | Crypt:3  | Reached skill level 1 in Translocations
 71180 | Hell     | Entered the Vestibule of Hell
 71180 | Hell     | Noticed Geryon
 71204 | Hell     | Killed Geryon
 71416 | Hell     | Reached skill level 5 in Translocations
 71535 | Depths:1 | Learned a level 6 spell: Invisibility
 71571 | Hell     | Found a gateway to the freezing wastes of Cocytus.
 71720 | Hell     | Found a gateway to the decaying netherworld of Tartarus.
 71809 | Hell     | Found a gateway to the Iron City of Dis.
 72009 | Hell     | Found a gateway to the ashen valley of Gehenna.
 72075 | Coc:1    | Entered Level 1 of Cocytus
 72642 | Coc:1    | Reached skill level 15 in Armour
 75871 | Coc:4    | HP: 6/191 [shard shrike/shard of ice (2)]
 75871 | Coc:4    | Mangled by a shard shrike

Vault maps used:
D:1:      scummos_arrival_simple_crosswalls, st_stairs_10
D:2:      bloody_trog, nicolae_overflow_hidden_temple, nemelex_altar_shiori,
          amethyst_killhole
D:3:      kennysheep_goblin_castle, first_ration,
          nicolae_dithmenos_through_a_glass_darkly
D:4:      chequers_temple_overflow_statue_of_worship
D:5:      elyvilon_altar_1, nicolae_ossuary_entry_giza, serial_shops,
          shop_statue, uniq_ijyb
D:6:      cheibrodos_quashed, grunt_ministairs_12,
          chequers_serial_rivers_micro_e
D:7:      minmay_temple_entry_glass, gammafunk_ghost_icy, uniq_prince_ribbit1,
          uniq_joseph
D:8:      old_standard_altar, serial_shops,
          nicolae_shop_temple_entry_statues_fountains, blue_anna_alchemist,
          roderic_st_hans_cross, serial_bayou_pond_a
D:9:      zin_statuary
D:10:     special_room, ebering_ghost_inner_flame, st_stairs_6
D:11:     erik_lair_orcish_takeover, david_orc_5, basic_altar
D:12:     basic_altar
D:13:     skrybe_vaults_entry_preservation, nicolae_looking_at_the_future
D:14:     corexii_corridor_pit, basic_altar, hangedman_incinerator, uniq_azrael,
          uniq_snorg
D:15:     grunt_enter_depths_hoard, basic_altar, nicolae_trove_entry_crossroad
Temple:   dshaligram_water_room_temple
Lair:1:   nicolae_lair_grove_arrangements, st_stairs_13, minmay_hedge_maze,
          infiniplex_staircase_pool_2, serial_bayou_shore_b, uniq_harold
Lair:2:   minivault_23, uniq_erica
Lair:3:   grunt_megastairs_3
Lair:4:   minmay_shoals_entry_hut, guppyfry_snake_entry_island, special_room,
          infiniplex_staircase_pool
Lair:5:   slime_altar_1, minivault_26, grunt_megastairs_1
Lair:6:   grunt_lair_end_beastmaster, uniq_rupert
Shoals:1: uniq_roxanne
Shoals:2: serial_shops, nicolae_shop_behind_doors, shop, nicolae_shop_stone,
          shop_fountains, nicolae_shop_overgrown_old_shop,
          gammafunk_ghost_necromancy
Shoals:3: uniq_polyphemus, uniq_ilsuiw
Shoals:4: shoals_end_hangedman, nicolae_shoals_drake_roost
Snake:1:  portal_ice_cave_entry_pillars_2, serial_bayou_shore_b
Snake:3:  gammafunk_ghost_cemetery, fake_guardian_serpent_vault, uniq_louise
Snake:4:  johnstein_snake_rune_scales, minmay_shop_grove
Orc:1:    uniq_nergalle, uniq_sonja
Orc:2:    st_orc_rangers, basic_altar
Elf:1:    eino_elf_arrival_shootout, orc_legates, minmay_misc_feat_rows,
          uniq_agnes
Elf:2:    serial_shops, shop, minmay_shoptagon
Elf:3:    minmay_elf_hall_circle, basic_altar
Vaults:1: ontoclasm_vaults_loading_screen, v_misc_15, nicolae_vaults_triangles,
          v_rooms_1, hangedman_vaults_stitches, nicolae_vaults_circle_grid_b,
          nicolae_vaults_sealed_display, vaults_room_door_ring,
          ontoclasm_vaults_shuriken, dpeg_vaults_waves,
          hangedman_vaults_variations, v_rooms_2, vaults_room_large_hall,
          nicolae_vaults_little_squares_2, serial_shops, shop
Vaults:2: st_lattice, nicolae_vaults_little_squares_3, v_misc_26,
          nicolae_vaults_little_squares_4, grunt_vaults_swirl, v_misc_14,
          v_rooms_3, v_misc_24, nicolae_vaults_little_squares_3,
          nicolae_vaults_diagonal_hallway_6, stair_cage_open
Vaults:3: v_misc_12, v_misc_27, vaults_dpeg_doors, vaults_room_stairs_pillars,
          grunt_vaults_bifocal, vaults_room_stairs_pillars,
          hangedman_vaults_capsules, hangedman_vaults_slice,
          minmay_crypt_entry_simple_statues, nicolae_vaults_network_barrier,
          nicolae_vaults_little_squares_2, grunt_vaults_hallway_short,
          nicolae_vaults_mini_display_case, vaults_dpeg_ring, vaults_dpeg_hooks,
          serial_shops, shop, uniq_boris, uniq_margery, uniq_sojobo
Vaults:4: v_alt_pattern_2, vaults_room_hallway, vaults_mumra_lcd,
          v_alt_pattern_3, ontoclasm_vaults_fault, v_misc_17,
          nicolae_vaults_alarming, st_smaller_cells, hangedman_vaults_hat,
          vaults_standard_mumra_x
Crypt:1:  grunt_crypt_arrival_split, grunt_megastairs_5
Crypt:2:  grunt_ministairs_8, uniq_jory
Crypt:3:  cryptofortress_bobbens, uniq_frederick, uniq_khufu
Depths:1: enter_ziggurat_f, grunt_decor_one_mirror, pf_coc_iceberg,
          hangedman_stitches_earthworm, grunt_megastairs_4
Depths:2: minmay_sliced_demisemicircle, serial_bayou_pond_a,
          rand_demon_pan_entry_9, hell_entry, minmay_serpent_palace,
          minmay_staircase_statues_hall_large
Depths:3: evilmike_library_of_no_secrets, abyss_entry, cheibriados_altar_1,
          pf_vacation_house_of_asmodeus, rand_demon_pan_entry_5,
          infiniplex_staircase_star
Depths:4: minmay_the_grid_triangle_9x9_recursive_2_mashed, serial_shops,
          kennysheep_mini_moat, pf_hell_entry_tar_river,
          abyss_entry_small_statue_room, infiniplex_staircase_pool_1,
          serial_bayou_shore_a
Depths:5: grunt_crosshair, minmay_fountain_box, hell_entry, hallowed_hall
Zot:1:    lemuel_baited_zot_trap, st_stairs_9, skrybe_zot_glass_2
Zot:3:    st_stairs_4, st_small_dragon_hoard_5, grunt_megastairs_2
Ossuary:  ossuary_tomb_1
IceCv:    ice_cave_small_demon

Skill      XL: |  1  2  3  4  5  6  7  8  9 10 11 12 13 14 15 16 17 18 19 20 21 22 23 24 25 26 27 |
---------------+----------------------------------------------------------------------------------+-----
Axes           | 2 3 4 5 7 8 10 11 13 14 15 16 17 18 20 | 20.5
Shields        | 4 5 6 8 9 10 11 12 13 15 17 19 21 22 23 25 | 25.0
Fighting       | 4 5 6 7 9 10 11 12 13 14 16 17 18 19 20 21 22 23 24 | 24.3
Armour         | 4 5 6 9 11 12 16 | 16.0
Invocations    | 4 6 9 10 11 13 | 13.2
Air Magic      | 4 5 6 9 10 | 10.0
Spellcasting   | 3 5 6 8 9 10 13 | 13.0
Hexes          | 2 5 6 9 10 12 13 | 13.0
Charms         | 2 5 |  5.1
Dodging        | 1 4 5 7 8 |  8.4
Evocations     | 2 5 8 10 | 10.0
Summonings     | 5 |  5.6
Translocations | 5 |  5.6

Action                   |  1- 3 |  4- 6 |  7- 9 | 10-12 | 13-15 | 16-18 | 19-21 | 22-24 | 25-27 || total
-------------------------+-------+-------+-------+-------+-------+-------+-------+-------+-------++-------
Melee: War axe           |   103 |   297 |   321 |       |       |       |       |       |       ||   721
       Hand axe          |       |       |   205 |  1023 |  1352 |   144 |       |       |       ||  2724
       Scimitar          |       |       |       |     5 |    42 |       |       |       |       ||    47
       Broad axe         |       |       |       |       |   384 |  1486 |  1806 |  1578 |  1513 ||  6767
       Executioner's axe |       |       |       |       |       |       |       |       |  1738 ||  1738
Throw: Tomahawk          |       |       |       |       |     2 |       |       |       |       ||     2
 Cast: Spectral Weapon   |       |       |       |       |       |       |       |     2 |     1 ||     3
       Silence           |       |       |       |       |       |       |       |       |    16 ||    16
       Summon Mana Viper |       |       |       |       |       |       |       |       |    12 ||    12
       Blink             |       |       |       |       |       |       |       |       |     2 ||     2
       Invisibility      |       |       |       |       |       |       |       |       |     1 ||     1
Invok: Lesser Servant of |       |       |       |    27 |    23 |     8 |     5 |     5 |     3 ||    71
       Greater Servant o |       |       |       |       |       |       |       |     2 |     2 ||     4
Evoke: Wand              |       |       |       |       |       |       |       |     1 |       ||     1
  Use: Scroll            |       |     7 |     6 |    14 |     9 |    13 |    12 |     4 |    13 ||    78
       Potion            |       |       |     2 |     4 |     2 |       |     1 |     6 |     4 ||    19
 Stab: Distracted        |       |       |       |     2 |     5 |     1 |     1 |     2 |     1 ||    12
       Petrified         |       |       |       |       |       |     2 |       |       |       ||     2
       Petrifying        |       |       |       |       |       |     1 |       |       |       ||     1
       Invisible         |       |       |       |       |       |       |       |    12 |     2 ||    14
       Confused          |       |       |       |       |       |       |       |     2 |     2 ||     4
  Eat: Chunk             |     1 |     7 |    11 |    15 |    56 |    18 |    19 |    17 |    19 ||   163
       Ration            |       |       |     1 |     3 |     4 |     3 |     6 |     2 |    13 ||    32
Armor: Scale mail        |    43 |       |       |       |   747 |   362 |       |       |       ||  1152
       Chain mail        |    10 |   134 |       |       |       |   130 |   420 |   462 |  2262 ||  3418
       Plate armour      |       |    81 |   321 |   535 |    25 |       |       |       |       ||   962
Dodge: Dodged            |    29 |    74 |    87 |   131 |   453 |   463 |   258 |   259 |  1443 ||  3197
Block: Shield            |    56 |   184 |   248 |   526 |  1140 |  1417 |  1011 |       |       ||  4582
       Reflection        |       |       |       |       |       |   116 |   175 |   165 |    59 ||   515
       Large shield      |       |       |       |       |       |       |   323 |  1917 |  2063 ||  4303
       Other             |       |       |       |       |       |       |       |       |   306 ||   306
       Rpst.: Scimitar   |       |       |       |       |     3 |       |       |       |       ||     3

Table legend:
 A = Non-vault XP
 B = Vault XP
 C = Vault XP percentage of total XP
 D = Non-vault monster count
 E = Vault monster count
 F = Vault count percentage of total count
                 A         B        C        D         E       F
            +---------+---------+-------+---------+---------+-------
      Total | 1030272 |  716390 |  41.0 |    1908 |    1052 |  35.5
            +---------+---------+-------+---------+---------+-------
        D:1 |      36 |       3 |   7.7 |      19 |       2 |   9.5
        D:2 |     138 |       0 |   0.0 |      28 |       0 |   0.0
        D:3 |      11 |      50 |  82.0 |       7 |      20 |  74.1
        D:4 |     546 |       0 |   0.0 |      33 |       0 |   0.0
        D:5 |     827 |      56 |   6.3 |      26 |       4 |  13.3
        D:6 |    1417 |     308 |  17.9 |      25 |       5 |  16.7
        D:7 |     487 |    1392 |  74.1 |      10 |      10 |  50.0
        D:8 |    2517 |      91 |   3.5 |      33 |       1 |   2.9
        D:9 |    3317 |     134 |   3.9 |      34 |       4 |  10.5
       D:10 |    2648 |    1818 |  40.7 |      40 |      22 |  35.5
       D:11 |    5947 |    1370 |  18.7 |      55 |      30 |  35.3
       D:12 |    1964 |       0 |   0.0 |       8 |       0 |   0.0
       D:13 |    7568 |    4724 |  38.4 |      23 |      24 |  51.1
       D:14 |    8874 |    4304 |  32.7 |      32 |      15 |  31.9
       D:15 |   15113 |    1965 |  11.5 |      42 |       2 |   4.5
     Temple |     192 |       0 |   0.0 |       4 |       0 |   0.0
     Lair:1 |    2618 |    1054 |  28.7 |      15 |       3 |  16.7
     Lair:2 |    2445 |     912 |  27.2 |      15 |       1 |   6.2
     Lair:3 |    8765 |     542 |   5.8 |      26 |       2 |   7.1
     Lair:4 |    7245 |    4735 |  39.5 |      27 |      18 |  40.0
     Lair:5 |   14435 |    2198 |  13.2 |      36 |       6 |  14.3
     Lair:6 |    8743 |    8495 |  49.3 |      27 |      16 |  37.2
   Shoals:1 |    8592 |    1970 |  18.7 |      14 |       1 |   6.7
   Shoals:2 |   14255 |    4457 |  23.8 |      28 |      12 |  30.0
   Shoals:3 |    8822 |   12860 |  59.3 |      19 |      12 |  38.7
   Shoals:4 |   18926 |   22534 |  54.4 |      41 |      40 |  49.4
    Snake:1 |    7714 |       0 |   0.0 |      17 |       0 |   0.0
    Snake:2 |   19321 |    1807 |   8.6 |      33 |       1 |   2.9
    Snake:3 |   15693 |    3646 |  18.9 |      31 |       4 |  11.4
    Snake:4 |    8175 |   40931 |  83.4 |      14 |      67 |  82.7
      Orc:1 |    4374 |    3701 |  45.8 |      35 |      15 |  30.0
      Orc:2 |    5180 |    6688 |  56.4 |      40 |      28 |  41.2
      Elf:1 |   21478 |   12127 |  36.1 |      34 |      24 |  41.4
      Elf:2 |   23434 |   22727 |  49.2 |      35 |      28 |  44.4
      Elf:3 |    9235 |   50928 |  84.7 |      20 |      34 |  63.0
   Vaults:1 |   28191 |   22629 |  44.5 |      55 |      30 |  35.3
   Vaults:2 |   37822 |    9472 |  20.0 |      60 |      16 |  21.1
   Vaults:3 |    9439 |   45376 |  82.8 |      25 |      41 |  62.1
   Vaults:4 |   51301 |   19339 |  27.4 |      75 |      34 |  31.2
   Vaults:5 |   63219 |  100847 |  61.5 |      79 |      84 |  51.5
    Crypt:1 |   26859 |     498 |   1.8 |      37 |       6 |  14.0
    Crypt:2 |   34956 |    5028 |  12.6 |      53 |       3 |   5.4
    Crypt:3 |       0 |   83234 | 100.0 |       0 |      97 | 100.0
   Depths:1 |   15165 |   20397 |  57.4 |      27 |      26 |  49.1
   Depths:2 |   17966 |   34659 |  65.9 |      18 |      53 |  74.6
   Depths:3 |   31917 |   29238 |  47.8 |      43 |      24 |  35.8
   Depths:4 |   54473 |   22205 |  29.0 |      58 |      20 |  25.6
   Depths:5 |   55174 |   29338 |  34.7 |      43 |      19 |  30.6
       Hell |   35511 |   44053 |  55.4 |      56 |      65 |  53.7
      Coc:1 |   49817 |       0 |   0.0 |      84 |       0 |   0.0
      Coc:2 |   46658 |       0 |   0.0 |      76 |       0 |   0.0
      Coc:3 |   47924 |       0 |   0.0 |      78 |       0 |   0.0
      Coc:4 |   23535 |       0 |   0.0 |      29 |       0 |   0.0
      Zot:1 |   75548 |    9504 |  11.2 |      45 |       3 |   6.2
      Zot:2 |   58037 |       0 |   0.0 |      39 |       0 |   0.0
      Zot:3 |    5708 |   15999 |  73.7 |       2 |      10 |  83.3
    Ossuary |       0 |     271 | 100.0 |       0 |      39 | 100.0
      IceCv |       0 |    5776 | 100.0 |       0 |      31 | 100.0
            +---------+---------+-------+---------+---------+-------
